Map: Moonlight Madness LE (Void)

Players

Teebul - Winner!

  • Race: Protoss Protoss
  • League: Diamond

KiFirE

  • Race: Protoss Protoss
  • League: Master

Event: Lycan League Weekly September #1

VOD

Have the link to the VOD?

Description

Time

  • Played on: Sept. 21, 2015, 12:21 p.m.
  • Length: 11:26

All games in this series

Show
View Real Time Build Order
Export as new Build Order

Teebul Protoss - Winner!

Build Orders: Phoenix Opening 

Get SALT Encoding   

  12  0:01  Probe (Chrono Boost)  
  13  0:11  Probe (Chrono Boost)  
  14  0:19  Pylon  
  14  0:21  Probe (Chrono Boost)  
  15  0:37  Probe (Chrono Boost)  
  15  0:38  Gateway  
  16  0:47  Probe (Chrono Boost)  
  17  0:51  Assimilator  
  17  0:54  Assimilator  
  17  0:57  Probe (Chrono Boost)  
  18  1:06  Pylon  
  18  1:07  Probe (Chrono Boost)  
  19  1:16  Probe (Chrono Boost)  
  20  1:26  Cybernetics Core  
  20  1:27  Probe (Chrono Boost)  
  21  1:37  Probe (Chrono Boost)  
  22  1:47  Probe (Chrono Boost)  
  23  1:57  Probe (Chrono Boost)  
  23  1:59  Pylon  
  24  2:02  Warp Gate (Chrono Boost)  
  24  2:03  Stalker  
  24  2:06  Mothership Core (Chrono Boost)  
  28  2:25  Stargate  
  28  2:29  Probe (Chrono Boost)  
  29  2:34  Stalker (Chrono Boost)  
  31  2:39  Pylon  
  31  2:48  Gateway  
  30  3:07  Nexus  
  29  3:20  Phoenix (Chrono Boost)  
  29  3:25  Probe  
  32  3:38  Probe  
  33  3:42  Phoenix (Chrono Boost)  
  33  3:47  Pylon  
  35  3:57  Robotics Facility  
  35  4:14  Phoenix (Chrono Boost)  
  37  4:26  Probe  
  37  4:27  Probe  
  39  4:35  Adept x2  
  43  4:40  Probe (Chrono Boost)  
  43  4:43  Gateway  
  44  4:46  Probe (Chrono Boost)  
  44  4:47  Observer (Chrono Boost)  
  44  4:51  Probe (Chrono Boost)  
  47  4:57  Probe (Chrono Boost)  
  48  5:06  Immortal (Chrono Boost)  
  48  5:07  Adept  
  54  5:18  Probe  
  54  5:20  Probe  
  55  5:23  Forge  
  56  5:30  Probe x2  
  58  5:37  Pylon  
  58  5:39  Observer (Chrono Boost)  
  58  5:40  Probe  
  59  5:42  Probe  
  59  5:45  Adept  
  61  5:50  Probe  
  61  5:55  Probe  
  63  5:58  Protoss Ground Weapons Level 1 (Chrono Boost)  
  63  6:00  Probe  
  63  6:01  Photon Cannon  
  64  6:04  Photon Cannon  
  64  6:06  Pylon  
  64  6:11  Immortal (Chrono Boost)  
  68  6:18  Twilight Council  
  68  6:23  Pylon  
  68  6:27  Probe x2  
  70  6:33  Adept  
  70  6:34  Adept x2  
  70  6:37  Probe  
  77  6:43  Pylon  
  77  6:46  Probe  
  78  6:50  Immortal (Chrono Boost)  
  82  6:54  Adept x2  
  82  7:01  Probe  
  87  7:02  Assimilator  
  87  7:07  Assimilator  
  87  7:16  Stalker x2  
  87  7:17  Stalker  
  87  7:21  Gateway  
  92  7:38  Shield Upgrade (Chrono Boost)  
  92  7:41  Adept  
  94  7:51  Pylon  
  94  7:52  Pylon  
  94  7:53  Pylon  
  94  7:54  Protoss Ground Weapons Level 2 (Chrono Boost)  
  94  7:59  Immortal  
  92  8:11  Adept x3  
  100  8:17  Gateway  
  100  8:18  Gateway  
  100  8:19  Gateway  
  100  8:24  Blink (Chrono Boost)  
  97  8:34  Warp Prism  
  95  8:41  Stalker x3  
  101  9:08  Nexus  
  100  9:11  Observer (Chrono Boost)  
  100  9:16  Oracle  
  102  9:30  Adept x5  
  111  9:42  Observer (Chrono Boost), Photon Cannon  
  112  9:49  Pylon  
  112  9:51  Photon Cannon  
  112  9:53  Pylon  
  112  10:00  Observer (Chrono Boost)  
  112  10:02  Adept  
  112  10:03  Adept  
  117  10:13  Oracle  
  120  10:42  Stalker  
  120  10:43  Stalker x4  
  120  10:44  Stalker  
  120  10:45  Stalker  
  114  11:13  Stalker x4  
  114  11:14  Stalker x3  
Show
View Real Time Build Order
Export as new Build Order

KiFirE Protoss 

Build Orders: Zealot Archon, Dark Templar Rush 

Get SALT Encoding   

  12  0:00  Probe (Chrono Boost)  
  13  0:10  Probe (Chrono Boost)  
  14  0:17  Pylon  
  14  0:21  Probe (Chrono Boost)  
  15  0:35  Probe (Chrono Boost)  
  16  0:38  Gateway  
  16  0:45  Probe (Chrono Boost)  
  17  0:50  Assimilator  
  17  0:53  Assimilator  
  17  0:55  Probe (Chrono Boost)  
  18  1:05  Gateway  
  18  1:10  Probe (Chrono Boost)  
  19  1:20  Probe (Chrono Boost)  
  20  1:26  Cybernetics Core  
  20  1:30  Probe (Chrono Boost)  
  21  1:36  Pylon  
  21  1:40  Probe (Chrono Boost)  
  22  1:54  Probe (Chrono Boost)  
  23  2:02  Adept  
  23  2:04  Adept  
  23  2:07  Warp Gate  
  27  2:13  Mothership Core (Chrono Boost)  
  29  2:20  Pylon  
  29  2:36  Probe (Chrono Boost)  
  30  2:38  Twilight Council  
  30  2:50  Stalker x2  
  34  2:53  Probe (Chrono Boost)  
  35  3:00  Pylon  
  35  3:19  Dark Shrine  
  31  3:23  Probe (Chrono Boost)  
  32  3:33  Probe (Chrono Boost)  
  33  3:46  Nexus  
  33  3:49  Robotics Facility  
  33  4:08  Pylon  
  33  4:10  Probe (Chrono Boost)  
  34  4:20  Probe (Chrono Boost)  
  35  4:31  Pylon  
  34  4:32  Dark Templar x2  
  34  4:34  Blink (Chrono Boost)  
  34  4:36  Observer  
  34  4:37  Probe (Chrono Boost)  
  40  4:47  Probe (Chrono Boost)  
  40  4:49  Forge  
  41  4:58  Probe  
  42  5:02  Probe  
  42  5:10  Probe  
  42  5:12  Probe  
  42  5:13  Protoss Ground Weapons Level 1 (Chrono Boost)  
  42  5:22  Probe  
  42  5:24  Probe  
  44  5:29  Assimilator  
  44  5:32  Photon Cannon  
  44  5:33  Sentry, Assimilator  
  46  5:36  Probe  
  46  5:37  Probe, Photon Cannon  
  48  5:45  Stalker  
  50  5:52  Probe x2  
  50  5:59  Dark Templar  
  52  6:04  Probe x2, Archon  
  54  6:16  Probe x2  
  54  6:18  Gateway x2  
  56  6:22  Gateway  
  56  6:27  Gateway  
  56  6:32  Sentry  
  58  6:34  Dark Templar  
  58  6:36  Protoss Ground Weapons Level 2 (Chrono Boost)  
  60  6:40  Probe (Chrono Boost)  
  60  6:41  Probe (Chrono Boost)  
  62  6:51  Probe (Chrono Boost)  
  62  6:52  Pylon  
  63  6:56  Probe (Chrono Boost), Pylon  
  64  7:02  Pylon  
  64  7:05  Dark Templar  
  64  7:06  Archon  
  66  7:12  Warp Prism  
  68  7:16  Stalker  
  70  7:26  Stalker  
  72  7:31  Stalker  
  74  7:40  Stalker x2  
  78  7:52  Pylon  
  78  7:56  Pylon  
  78  8:03  Templar Archives  
  78  8:13  Probe (Chrono Boost)  
  78  8:15  Probe (Chrono Boost)  
  78  8:18  Dark Templar x2  
  84  8:26  Nexus  
  68  8:42  High Templar x3  
  68  8:47  Archon  
  72  8:49  Mothership Core (Chrono Boost)  
  74  9:01  Stalker x2  
  75  9:13  Immortal  
  75  9:15  Zealot x3  
  85  9:18  Charge  
  85  9:28  Zealot x3  
  91  9:31  Psionic Storm  
  89  9:40  Probe x2  
  91  9:48  High Templar  
  93  9:52  Nexus  
  93  9:53  Pylon  
  93  9:56  Pylon  
  93  9:58  Pylon  
  93  10:02  Photon Cannon  
  93  10:04  Pylon  
  93  10:06  Observer  
  93  10:14  Zealot  
  93  10:15  Pylon, Zealot x3  
  93  10:16  Pylon  
  96  10:38  Zealot, High Templar x2  
  96  10:40  Archon  
  101  10:45  Pylon  
  101  10:46  Pylon  
  101  10:48  Pylon  
  97  10:58  Archon  
  53  11:12  Zealot x2  
  53  11:13  Zealot x2  

Tags
 
Add a new tag
Caveats
  • Supply blocks, unpowered buildings, or Contaminate may cause inaccurate times.
  • Supply counts are checked every 10 seconds.